Map: Site Delta LE

Players

TerranYOUup - Winner!

  • Race: Terran Terran
  • League: Master
  • Spawn Location: 11:00

Adjutant

  • Race: Terran Terran
  • League: Grandmaster
  • Spawn Location: 5:00

VOD

Have the link to the VOD?

Description

Time

  • Played on: April 15, 2024, 6:34 p.m.
  • Length: 19:58
Show
View Real Time Build Order
Export as new Build Order

TerranYOUup Terran - Winner!

Build Orders: 1/1/1 

Get SALT Encoding   

  12  0:00  SCV  
  13  0:12  SCV  
  14  0:18  Supply Depot  
  14  0:24  SCV  
  15  0:33  Refinery  
  15  0:40  SCV  
  16  0:44  Barracks  
  16  0:52  SCV  
  17  1:04  SCV  
  17  1:05  Refinery  
  18  1:16  SCV  
  19  1:28  SCV  
  20  1:34  Factory  
  20  1:40  Orbital Command  
  20  1:50  Barracks Tech Lab  
  20  1:56  Supply Depot  
  20  2:06  SCV  
  21  2:09  Marauder  
  23  2:18  SCV  
  24  2:23  Starport  
  24  2:30  SCV  
  25  2:37  Barracks Reactor, Siege Tank  
  25  2:40  Supply Depot  
  28  3:04  Supply Depot  
  28  3:09  Siege Tank  
  31  3:20  Viking  
  31  3:24  Viking  
  35  3:31  Command Center  
  35  3:50  Viking  
  35  3:54  Viking  
  39  3:56  SCV  
  39  3:58  Supply Depot  
  40  4:21  Viking  
  42  4:24  Viking  
  44  4:37  Refinery x2  
  44  4:47  Command Center  
  44  5:00  Viking  
  44  5:03  Viking  
  48  5:19  Siege Tank  
  46  5:35  Viking  
  37  5:51  Siege Tank  
  37  5:52  Orbital Command, SCV  
  37  5:58  Viking  
  39  6:07  Orbital Command  
  39  6:08  SCV  
  40  6:20  SCV  
  41  6:31  SCV  
  41  6:32  SCV  
  43  6:34  SCV  
  44  6:43  SCV, Starport  
  44  6:44  SCV  
  46  6:51  SCV  
  47  6:56  Engineering Bay  
  47  6:59  SCV x2  
  49  7:04  SCV  
  50  7:11  SCV x2  
  52  7:16  SCV  
  52  7:22  Missile Turret  
  53  7:23  SCV x2  
  53  7:29  Missile Turret  
  55  7:32  Missile Turret, SCV  
  55  7:33  Siege Tank  
  55  7:35  Starport Reactor, SCV x2  
  61  7:39  Viking  
  61  7:44  SCV  
  64  7:47  SCV  
  64  7:48  SCV  
  66  7:56  SCV  
  67  8:00  SCV x2  
  67  8:03  Factory  
  67  8:04  Factory  
  69  8:07  Armory  
  69  8:09  Armory  
  69  8:14  Viking x3  
  69  8:16  Viking  
  69  8:19  SCV x3  
  80  8:26  Supply Depot  
  80  8:27  Supply Depot  
  80  8:30  Supply Depot  
  80  8:44  Viking x2  
  80  8:48  Viking x2, Factory Reactor  
  88  8:50  Factory Reactor  
  88  9:00  Factory  
  88  9:01  Factory  
  88  9:02  Terran Vehicle Weapons Level 1  
  88  9:03  Terran Vehicle And Ship Armor Level 1  
  88  9:14  SCV x2  
  90  9:18  Orbital Command, Sensor Tower  
  90  9:29  SCV x2  
  90  9:30  Missile Turret  
  92  9:37  Sensor Tower  
  92  9:40  Missile Turret  
  92  9:41  Refinery  
  92  9:42  Refinery  
  92  9:52  SCV x3  
  95  9:54  Missile Turret  
  95  9:55  Hellion x3  
  95  9:58  Factory Tech Lab x2  
  95  9:59  Viking  
  103  10:00  Viking x3  
  109  10:12  Supply Depot x2  
  109  10:13  Supply Depot  
  109  10:14  Supply Depot  
  109  10:26  Supply Depot x2  
  109  10:32  Factory x2  
  109  10:33  SCV x3  
  112  10:38  Command Center  
  112  10:42  Missile Turret  
  112  10:44  Missile Turret  
  112  10:45  Missile Turret, SCV x3  
  112  10:46  Missile Turret  
  115  10:50  Neosteel Armor  
  115  10:54  Viking x3  
  115  10:55  Viking  
  118  11:24  Viking x3  
  122  11:25  Viking  
  122  11:28  Sensor Tower, SCV x3  
  127  11:36  Refinery  
  127  11:37  Factory Reactor  
  127  11:38  Factory Tech Lab  
  127  11:39  Thor x2  
  133  11:40  Thor  
  133  11:41  Refinery  
  133  11:43  Hellion  
  147  11:49  SCV x3  
  147  11:54  Viking x2  
  154  12:15  Sensor Tower  
  154  12:22  Command Center  
  154  12:23  Command Center, Sensor Tower  
  154  12:27  SCV x3  
  157  12:48  Supply Depot  
  157  12:49  Supply Depot  
  157  12:54  Thor x2  
  157  12:55  SCV x3  
  172  13:16  Hi-Sec Auto Tracking  
  172  13:17  Thor x2  
  184  13:29  Command Center  
  184  13:40  Terran Vehicle Weapons Level 2, Terran Vehicle And Ship Armor Level 2  
  184  13:47  Missile Turret x2  
  184  13:48  Missile Turret  
  184  13:53  Planetary Fortress  
  184  13:56  Sensor Tower  
  184  13:57  SCV x3  
  187  14:03  Sensor Tower  
  181  14:19  Thor x3, Command Center x2  
  199  14:26  Planetary Fortress  
  197  14:36  Missile Turret  
  197  14:41  Missile Turret  
  197  14:42  Missile Turret x2  
  197  14:43  Missile Turret  
  197  14:44  Missile Turret  
  197  14:46  Missile Turret x2  
  197  14:50  Orbital Command x2  
  197  15:01  Missile Turret, Refinery  
  197  15:03  Refinery  
  197  15:06  Missile Turret  
  197  15:07  Missile Turret  
  197  15:13  Missile Turret  
  197  15:21  Missile Turret  
  197  15:27  SCV  
  198  15:30  Missile Turret  
  198  15:35  Command Center  
  198  15:43  Planetary Fortress  
  198  15:44  Orbital Command  
  198  16:01  Missile Turret  
  197  16:08  Missile Turret  
  197  16:09  Missile Turret  
  197  16:10  Missile Turret x2  
  197  16:11  Missile Turret  
  197  16:13  Missile Turret  
  197  16:14  Missile Turret  
  197  16:15  Missile Turret  
  197  16:19  Missile Turret  
  197  16:21  Missile Turret  
  197  16:22  Missile Turret  
  197  16:23  Missile Turret x3  
  197  16:25  Missile Turret  
  197  16:26  Missile Turret  
  197  16:28  Missile Turret x2  
  197  16:29  Missile Turret  
  197  16:35  Missile Turret  
  197  16:36  Missile Turret  
  197  16:38  Missile Turret  
  197  16:41  Missile Turret  
  197  16:44  Missile Turret  
  197  16:46  Missile Turret  
  197  16:50  Missile Turret  
  197  16:53  Missile Turret  
  197  17:07  Orbital Command  
  197  17:11  Ghost Academy  
  197  17:13  Ghost Academy  
  197  17:17  Ghost Academy  
  197  17:18  Ghost Academy  
  197  17:37  Barracks Tech Lab  
  189  17:46  Viking  
  189  17:49  Hellion  
  199  17:51  Personal Cloaking  
  199  17:52  Nuke x2  
  199  17:53  Nuke  
  199  17:56  Ghost  
  197  17:58  Starport  
  197  17:59  Viking, Starport  
  197  18:01  Starport x2  
  163  18:20  Thor  
  163  18:22  Cyclone x4  
  163  18:23  Thor, Cyclone  
  163  18:25  Ghost  
  183  18:35  Starport  
  183  18:36  Starport  
  183  18:42  Starport Reactor x3  
  183  18:43  Starport Reactor x2  
  183  18:51  Hellion  
  183  18:53  Ghost  
  181  18:57  Orbital Command  
  181  19:00  SCV x4  
  175  19:13  Siege Tank x4  
  175  19:14  Hellion x2  
  175  19:15  Hellion x4  
  175  19:16  Starport Reactor x2  
Show
View Real Time Build Order
Export as new Build Order

Adjutant Terran 

Build Orders: Gas First Reaper Expand, Hellion Banshee 

Get SALT Encoding   

  12  0:00  SCV  
  13  0:12  SCV  
  14  0:16  Supply Depot  
  14  0:24  SCV  
  15  0:28  Refinery  
  15  0:38  SCV  
  16  0:44  Barracks  
  16  0:50  SCV  
  17  1:02  SCV  
  18  1:17  SCV  
  19  1:32  Orbital Command, Reaper  
  20  1:45  Command Center  
  20  1:58  Factory, SCV  
  21  2:05  Supply Depot  
  21  2:10  SCV  
  21  2:12  Barracks Reactor  
  22  2:15  Refinery  
  22  2:22  SCV  
  23  2:34  SCV  
  24  2:45  Starport  
  24  2:46  SCV  
  25  2:55  Hellion x2, Marine  
  25  2:58  Orbital Command  
  30  3:02  SCV  
  31  3:16  Hellion x2, Marine  
  36  3:21  SCV  
  36  3:22  Supply Depot  
  36  3:23  SCV  
  38  3:28  Starport Tech Lab  
  38  3:34  SCV  
  39  3:35  Supply Depot, SCV  
  39  3:37  Marine  
  41  3:45  Hellion x2  
  41  3:48  SCV  
  46  3:49  SCV  
  46  3:54  Banshee  
  50  4:00  SCV  
  51  4:04  SCV  
  51  4:05  Refinery  
  51  4:06  Refinery  
  52  4:12  Marine, SCV  
  52  4:16  SCV  
  55  4:18  Supply Depot  
  55  4:19  Supply Depot  
  55  4:22  Widow Mine  
  57  4:24  SCV  
  57  4:28  SCV  
  57  4:30  Marine  
  60  4:36  SCV  
  61  4:40  Fusion Core  
  61  4:42  Cyclone  
  63  4:46  Cyclone  
  63  4:47  SCV  
  63  4:48  Marine  
  63  4:50  SCV  
  68  4:53  Supply Depot  
  68  4:57  Supply Depot  
  68  4:59  SCV  
  69  5:03  SCV  
  69  5:05  Supply Depot  
  70  5:11  SCV  
  71  5:15  SCV  
  48  5:47  SCV  
  48  5:48  SCV  
  43  5:56  Battlecruiser  
  44  6:01  Weapon Refit  
  44  6:06  Starport  
  44  6:07  Cyclone  
  44  6:09  SCV  
  47  6:13  SCV  
  48  6:21  Cyclone, SCV  
  51  6:29  SCV  
  52  6:33  SCV  
  53  6:41  SCV  
  53  6:44  Starport Tech Lab  
  53  6:45  SCV  
  55  6:53  SCV  
  56  6:57  SCV  
  56  7:01  Battlecruiser  
  63  7:05  SCV  
  63  7:06  Battlecruiser  
  70  7:09  SCV  
  71  7:17  SCV  
  71  7:21  SCV  
  73  7:25  Command Center  
  73  7:29  SCV  
  74  7:33  SCV  
  75  7:42  SCV  
  76  7:46  SCV  
  77  7:54  SCV  
  77  7:58  SCV  
  79  8:03  Supply Depot x2  
  79  8:05  Battlecruiser  
  85  8:06  SCV  
  85  8:10  SCV  
  85  8:11  Battlecruiser  
  93  8:15  Supply Depot  
  93  8:18  Supply Depot, SCV  
  94  8:22  SCV  
  95  8:28  Engineering Bay  
  95  8:30  SCV  
  95  8:31  Starport  
  96  8:34  SCV  
  96  8:36  Armory  
  97  8:43  SCV  
  97  8:46  Starport  
  98  8:53  Starport  
  98  8:58  SCV  
  98  9:00  Refinery  
  98  9:02  Planetary Fortress  
  99  9:05  Missile Turret  
  99  9:07  SCV  
  99  9:08  Starport Tech Lab  
  100  9:10  SCV, Refinery  
  101  9:19  Battlecruiser, SCV  
  101  9:24  SCV  
  109  9:28  Starport Tech Lab  
  109  9:29  Starport Tech Lab  
  109  9:30  Terran Vehicle And Ship Armor Level 1  
  103  9:47  Battlecruiser, Missile Turret  
  103  9:52  SCV  
  110  9:58  Battlecruiser  
  116  10:03  SCV  
  116  10:04  SCV  
  118  10:07  SCV  
  119  10:15  SCV  
  119  10:18  Armory  
  119  10:19  Battlecruiser  
  119  10:21  Command Center, SCV  
  127  10:33  Command Center  
  133  10:50  Battlecruiser  
  133  10:52  SCV, Refinery  
  133  10:55  Missile Turret  
  133  10:56  Refinery  
  134  10:59  Supply Depot x2  
  134  11:00  SCV  
  134  11:02  Supply Depot  
  134  11:03  Supply Depot  
  132  11:08  Battlecruiser  
  135  11:21  Battlecruiser  
  141  11:27  SCV  
  142  11:36  SCV x2  
  142  11:39  SCV  
  145  11:48  Command Center, SCV  
  145  11:49  Terran Ship Weapons Level 1, Terran Vehicle And Ship Armor Level 2  
  147  11:54  SCV  
  147  11:55  SCV  
  148  12:04  Battlecruiser  
  154  12:09  Planetary Fortress  
  154  12:14  Missile Turret  
  154  12:23  Planetary Fortress  
  154  12:38  SCV  
  154  12:40  Battlecruiser, Missile Turret  
  154  12:41  Missile Turret  
  154  12:42  Sensor Tower, Missile Turret  
  161  12:46  SCV  
  161  12:50  SCV  
  163  12:52  SCV  
  164  12:58  SCV  
  153  13:12  Barracks x2  
  153  13:13  Barracks, Battlecruiser x2  
  153  13:14  Barracks  
  165  13:29  Missile Turret x3  
  165  13:31  SCV  
  165  13:32  SCV  
  165  13:33  Battlecruiser  
  173  13:36  SCV  
  173  13:38  SCV  
  173  13:40  Refinery  
  175  13:43  SCV  
  175  13:44  SCV, Refinery  
  175  13:46  Terran Ship Weapons Level 2  
  175  13:47  Command Center  
  175  13:48  SCV  
  178  13:49  Missile Turret  
  178  13:55  Barracks, Widow Mine x2  
  182  13:58  Barracks  
  182  14:03  SCV  
  182  14:04  Missile Turret  
  182  14:07  Missile Turret, SCV  
  182  14:09  Missile Turret  
  183  14:10  Missile Turret  
  183  14:11  Missile Turret  
  181  14:21  Planetary Fortress  
  187  14:24  Battlecruiser  
  187  14:25  Barracks Tech Lab  
  187  14:26  Barracks Reactor, Barracks Tech Lab  
  187  14:28  Barracks Reactor  
  187  14:29  Missile Turret  
  188  14:31  SCV  
  188  14:36  SCV  
  189  14:46  Barracks Reactor x2, Missile Turret  
  189  14:47  Combat Shield, Stimpack  
  189  14:48  Missile Turret  
  189  14:50  Terran Infantry Weapons Level 1  
  189  14:52  Engineering Bay  
  189  14:53  SCV x3  
  189  14:54  SCV  
  197  15:00  Orbital Command, Widow Mine x2  
  197  15:09  Missile Turret  
  197  15:12  SCV  
  198  15:20  SCV x2  
  200  15:37  Factory  
  200  15:39  Barracks, Factory Tech Lab  
  200  15:40  Barracks x2  
  200  15:41  Refinery x2  
  200  15:42  Terran Infantry Armor Level 1  
  200  15:43  Terran Vehicle And Ship Armor Level 3  
  200  16:06  Concussive Shells  
  200  16:25  Command Center  
  200  16:27  Sensor Tower  
  200  16:28  Sensor Tower  
  200  16:30  Factory Tech Lab  
  200  16:33  Barracks Reactor  
  200  16:34  Barracks, Barracks Reactor x2  
  200  16:35  Command Center  
  200  16:47  Terran Infantry Weapons Level 2  
  200  16:49  Terran Ship Weapons Level 3  
  200  17:00  Command Center  
  200  17:08  Missile Turret x2  
  200  17:10  Missile Turret  
  200  17:24  Command Center  
  200  17:28  Missile Turret  
  200  17:29  Missile Turret x3  
  200  17:30  Missile Turret  
  200  17:34  Missile Turret  
  183  17:39  Siege Tank x2, Marine  
  183  17:40  Marine x13  
  200  17:57  Liberator x2  
  188  18:11  Marine x15  
  188  18:12  Siege Tank, Marine x3  
  197  18:13  Viking x3, Siege Tank  
  170  18:23  Planetary Fortress  
  158  18:29  Planetary Fortress, Missile Turret, Marine x18  
  158  18:32  Planetary Fortress  
  176  18:37  Planetary Fortress  
  176  18:40  Viking x2  
  180  18:43  Viking  
  180  18:46  Marine  
  180  18:47  Marine x8  
  188  18:52  Marine x4  
  188  18:53  Marine x5  
  189  18:56  Siege Tank  
  189  19:01  Refinery  
  192  19:04  Marine  
  192  19:05  Marine x5  
  190  19:10  Marine x5  
  190  19:13  Marine x4  
  190  19:14  Marine  
Tags
 
Add a new tag
Caveats
  • Supply blocks, unpowered buildings, or Contaminate may cause inaccurate times.
  • Supply counts are checked every 10 seconds.